 Dungeon Crawl Stone Soup version 0.27.1-1-g398f81649c (webtiles) character file.

Game seed: 6170410855802704227

15 Descartes the Ducker (level 2, 14/14 HPs)
             Began as a Felid Monk on Sept 12, 2021.
             Was a Believer of Zin.
             Got out of the dungeon alive.
             The game lasted 00:01:36 (726 turns).

Descartes the Ducker (Felid Monk)                    Turns: 726, Time: 00:01:36

Health: 14/14      AC:  1    Str:  7    XL:     2   Next: 34%
Magic:  3/3        EV: 19    Int: 11    God:    Zin [**....]
Gold:   5          SH:  0    Dex: 18    Spells: 1/1 levels left
                                        Lives:  0   Deaths: 0

rFire    . . .     SeeInvis +     - Unarmed
rCold    . . .     Faith    .   (shield unavailable)
rNeg     . . .     Spirit   .   (armour unavailable)
rPois    .         Reflect  .   (helmet unavailable)
rElec    .         Harm     .   (cloak unavailable)
rCorr    .         Rampage  .   (gloves unavailable)
Will     .....                  (boots unavailable)
Stlth    +++.......             (no amulet)
HPRegen  0.04/turn              (no ring)
MPRegen  0.08/turn              (no ring)

@: quick
A: very small, claws 1, fangs 3, see invisible, speed 1, shaggy fur 1, stealthy
paws, no weapons or thrown items, no armour, multi-lived
a: Renounce Religion, Recite, Vitalisation, Donate Gold


You escaped.
You worshipped Zin.
Zin was pleased with you.
You visited 1 branch of the dungeon, and saw 1 of its levels.

You collected 5 gold pieces.

Inventory:

Scrolls
 b - 2 scrolls of amnesia {unknown}
 c - a scroll of identify {unknown}
Potions
 a - a potion of mutation {unknown}


   Skills:
 - Level 3.0 Fighting
 + Level 4.4 Dodging
 + Level 3.3 Stealth
 + Level 3.2 Unarmed Combat


You had one spell level left.
You didn't know any spells.
Your spell library contained the following spells:

 Spells                   Type           Power      Damage    Failure   Level
 Tukima's Dance           Hex            0%         N/A       71%         3
 Passage of Golubria      Tloc           N/A        N/A       98%         4
 Yara's Violent Unravell  Hex/Tmut       0%         3d3       100%        5


Dungeon Overview and Level Annotations

Branches:
Dungeon (1/15)

Altars:
Zin

Shops:
D:1 !


Innate Abilities, Weirdness & Mutations

You have sharp claws.
You have razor-sharp teeth.
You have supernaturally acute eyesight. (SInv)
You cover ground quickly. (Speed+)
You are covered in fur. (AC +1)
Your paws help you pounce on unaware monsters.
You are incapable of wielding weapons or throwing items.
You cannot wear armour.
You gain extra lives every three experience levels.


Message History

You see here a +0 hand axe.
You open the door.
Found a faded altar of an unknown god.
You see here a +0 hand axe.
There is an open door here.
You open the door.
There is an open door here.
A goblin comes into view. It is wielding a +0 dagger.
The goblin shouts!
You scratch the goblin.
You kill the goblin!
No target in view!
No target in view!
No target in view!
No target in view!
No target in view!
No target in view!
No target in view!
No target in view!
No target in view!
No target in view!
No target in view!
There is an open door here.
You see here a +0 hand axe.
There is an open door here.
There is a faded altar of an unknown god here.
You cannot tell which god this altar belongs to.
Convert to them anyway?
Zin accepts your prayer! Zin welcomes you!
You can now recite Zin's Axioms of Law.
You can now call upon Zin for vitalisation.
You can now donate money to Zin.
There is an open door here.
You see here a +0 hand axe.
There is an open door here.
There is a staircase leading out of the dungeon here.
Are you sure you want to leave the Dungeon?
This will make you lose the game! [Y]es or [N]o only, please.
Are you sure you want to leave the Dungeon?
This will make you lose the game!
You have escaped!

÷###...#..##.....#...# #.#.##∩
.##....#....######...######.#....
................................>
..#....#..#.###########..........
....#..#....≈## ##≈##.########8
..#....#..#≈♣≈#####≈♣≈#.# #.
.####..#..≈♣⌠♣≈≈≈≈≈♣⌠♣≈.# ##
...........≈♣.......♣≈..#
.######.#...≈...@...≈...# ##
#....≈........♣≈.##
##..≈.⌠.≈≈≈≈≈♣⌠♣≈#
#..#≈.≈#####≈♣≈## ##.##≈## ##≈##
#.#### ## .> .


There were no monsters in sight!

Vanquished Creatures
  A bat (D:1)
  An endoplasm (D:1)
  A giant cockroach (D:1)
  A goblin (D:1)
  A kobold (D:1)
  4 quokkas (D:1)
  A ball python (D:1)
  2 frilled lizards (D:1)
  A rat (D:1)
  A toadstool (D:1)
14 creatures vanquished.

Vanquished Creatures (others)
  3 toadstools (D:1)
3 creatures vanquished.

Grand Total: 17 creatures vanquished

Notes
Turn   | Place    | Note
-------+----------+-------------------------------------------
     0 | D:1      | Descartes the Felid Monk began the quest for the Orb.
     0 | D:1      | Reached XP level 1. HP: 10/10 MP: 2/2
    74 | D:1      | Found Qystodut's Distillery.
   324 | D:1      | Reached XP level 2. HP: 14/14 MP: 3/3
   589 | D:1      | Found a faded altar of an unknown god.
   676 | D:1      | Became a worshipper of Zin the Law-Giver
   676 | D:1      | Reached * piety under Zin
   676 | D:1      | Reached ** piety under Zin
   726 | D:$      | Got out of the dungeon alive.

Illustrated notes

Levels and vault maps discovered:
D:1:      ldierk_water_garden, layout_basic,
          hellmonk_ecumenical_altar_inner_sanctum, serial_curves,
          eino_curves_01, eino_curves_02, serial_shops, shop_statue

Skill      XL: |  1 |
---------------+----+-----
Stealth        | 3 |  3.3
Fighting       | |  3.0
Dodging        | |  4.4
Unarmed Combat | |  3.2

Action                   || total
-------------------------++-------
Melee: Unarmed           ||    25
       Bite              ||     1
 Stab: Sleeping          ||     5
Armor: Skin              ||     1
Dodge: Dodged            ||    11
